 Dungeon Crawl Stone Soup version 0.21.1-1-g345015f (webtiles) character file.

64 Yorethra the Digger (level 4, -5/24 HPs)
             Began as a Gargoyle Earth Elementalist on May 13, 2018.
             Shot with an arrow by a centaur (8 damage)
             ... on level 2 of the Dungeon.
             The game lasted 00:12:02 (1482 turns).

Yorethra the Digger (Gargoyle Earth Elementalist)   Turns: 1482, Time: 00:12:03

Health: -5/24      AC:  5    Str: 12    XL:     4   Next: 12%
Magic:  3/8        EV: 12    Int: 16    God:
Gold:   106        SH:  0    Dex: 10    Spells: 5/9 levels left

rFire    . . .     SeeInvis .   a - +0 hand axe
rCold    . . .     Gourm    .   (no shield)
rNeg     + . .     Faith    .   c - +0 robe
rPois    ∞         Spirit   .   (no helmet)
rElec    +         Reflect  .   (no cloak)
rCorr    .         Harm     .   (no gloves)
MR       .....                  (no boots)
Stlth    ++........             (no amulet)
HPRegen  0.08/turn              (no ring)
MPRegen  0.11/turn              (no ring)

@: very slightly contaminated
A: negative energy resistance 1, electricity resistance, unbreathing,
petrification resistance, rot immunity, AC +3
a: no special abilities


You were on level 2 of the Dungeon.
You were not hungry.

You visited 1 branch of the dungeon, and saw 2 of its levels.

You collected 106 gold pieces.

Inventory:

Hand Weapons
 a - a +0 hand axe (weapon)
Missiles
 b - 74 stones (quivered)
Armour
 c - a +0 robe (worn)
 h - a +1 helmet
Scrolls
 f - a scroll of remove curse {unknown}
 g - a scroll of enchant armour {unknown}
 l - a scroll of magic mapping {unknown}
Potions
 i - a potion of degeneration {unknown}
 j - a potion of magic {unknown}
 k - a potion of ambrosia {unknown}
 n - a potion of mutation {unknown}
 o - a potion of might {unknown}
 p - a potion of heal wounds {unknown}
Books
 e - a book of Geomancy

   Spells                             Type                      Level
   a - Sandblast                      Earth                        1
   b - Passwall                       Transmutation/Earth          2
   c - Stone Arrow                    Conjuration/Earth            3
   d - Petrify                        Transmutation/Earth          4
   e - Lee's Rapid Deconstruction     Earth                        5
Comestibles
 d - 7 rations
 m - 5 chunks of flesh


   Skills:
 - Level 1.5 Dodging
 - Level 2.1 Stealth
 + Level 3.1 Spellcasting
   Level 0.7 Transmutations
 + Level 4.9 Earth Magic


You had 5 spell levels left.
You knew the following spells:

 Your Spells              Type           Power        Failure   Level  Hunger
a - Sandblast             Erth           ###...       2%          1    None
b - Stone Arrow           Conj/Erth      ##....       21%         3    ###....


Dungeon Overview and Level Annotations

Branches:
Dungeon (2/15)

Altars:


Innate Abilities, Weirdness & Mutations

You are resistant to torment.
Your stone body is resilient. (AC +3)
You are immune to poison.
You resist negative energy. (rN+)
You are resistant to electric shocks. (rElec)
You can survive without breathing.
You are immune to petrification.
You are immune to rotting.


Message History

The centaur shoots an arrow.
The arrow closely misses you.
Casting: Sandblast
Confirm with . or Enter, or press ? or * to list all spells.
Aiming: Sandblast
Press: ? - help, Shift-Dir - straight line, f - centaur
Aim: a centaur, wielding a shortbow The blast of sand hits the centaur.
The centaur is heavily wounded.
b - 75 stones The centaur shoots an arrow.
The arrow hits you.
* * * LOW HITPOINT WARNING * * *
Casting: Sandblast
Confirm with . or Enter, or press ? or * to list all spells.
Aiming: Sandblast
Press: ? - help, Shift-Dir - straight line, f/p - centaur
Aim: a centaur, wielding a shortbow (heavily wounded)
The blast of sand misses the centaur.
b - 74 stones The centaur shoots an arrow.
The arrow hits you!
You die...

########## . #.....[..# ..
#........# ... #........# ....
#........# ## .....
#@.......########.
......#######..........#....#.
......c((...c...............+.
..........###...............##
..........# ######.......÷..'.
..........# #..........##
..........# #........÷.#.
..........# ######.....#.
..........# #.....#.


You could see a centaur.

Vanquished Creatures
  2 adders (D:2)
  2 worms (D:2)
  A dart slug (D:1)
  2 leopard geckos (D:1)
  A giant cockroach (D:1)
  3 hobgoblins
  3 jackals (D:1)
  A ball python (D:2)
  5 bats
  5 frilled lizards
  4 goblins (D:1)
  7 kobolds (D:1)
  3 rats (D:1)
39 creatures vanquished.

Notes
Turn   | Place    | Note
-------+----------+-------------------------------------------
     0 | D:1      | Yorethra the Gargoyle Earth Elementalist began the quest for the Orb.
     0 | D:1      | Reached XP level 1. HP: 10/10 MP: 3/3
   246 | D:1      | Reached skill level 4 in Earth Magic
   246 | D:1      | Reached XP level 2. HP: 15/15 MP: 1/5
   648 | D:1      | Reached XP level 3. HP: 15/19 MP: 2/6
   841 | D:1      | Learned a level 3 spell: Stone Arrow
  1263 | D:2      | Found a faded altar of an unknown god.
  1419 | D:2      | Reached XP level 4. HP: 24/24 MP: 5/8
  1469 | D:2      | Noticed a centaur
  1482 | D:2      | Shot with an arrow by a centaur

Skill      XL: |  1  2  3 |
---------------+----------+-----
Earth Magic    | 4 |  4.9
Spellcasting   | 3 |  3.1
Dodging        | |  1.5
Stealth        | |  2.1
Transmutations | |  0.7

Action                   |  1- 3 |  4- 6 || total
-------------------------+-------+-------++-------
Melee: Hand axe          |    54 |       ||    54
 Cast: Sandblast         |    40 |     8 ||    48
  Eat: Chunk             |     2 |       ||     2
Armor: Robe              |    22 |       ||    22
Dodge: Dodged            |    56 |     2 ||    58
